 Dungeon Crawl Stone Soup version 0.18.1-47-g9310371 (webtiles) character file.

76 DevlanMud the Skirmisher (level 4, -5/36 HPs)
             Began as a Demonspawn Abyssal Knight on June 22, 2016.
             Was a Believer of Lugonu.
             Slain by Sigmund
             ... wielding a +0 scythe
              (12 damage)
             ... on level 2 of the Dungeon.
             The game lasted 00:06:59 (2614 turns).

DevlanMud the Skirmisher (DsAK)                     Turns: 2614, Time: 00:07:00

Health: -5/36      AC:  3    Str: 14    XL:     4   Next: 12%
Magic:  6/6        EV: 12    Int: 13    God:    Lugonu [**....]
Gold:   93         SH:  0    Dex: 12    Spells: 0 memorised, 3 levels left

rFire  + . .     SeeInvis .     a - +1 falchion
rCold  . . .     Gourm    .     b - +0 leather armour
rNeg   . . .     Faith    .     (no shield)
rPois  .         Spirit   .     (no helmet)
rElec  .         Dismiss  .     (no cloak)
rCorr  .         Reflect  .     (no gloves)
SustAt .         Harm     .     (no boots)
MR     .....                    (no amulet)
Stlth  +.........               (no ring)
                                (no ring)

@: confused, not resistant to hostile enchantments, very unstealthy
A: fire resistance 1
a: Depart the Abyss, Bend Space, Renounce Religion


You were on level 2 of the Dungeon.
You worshipped Lugonu.
Lugonu was pleased with you.
You were not hungry.

You visited 1 branch of the dungeon, and saw 2 of its levels.
You visited the Abyss 1 time.

You collected 93 gold pieces.

Inventory:

Hand Weapons
 a - a +1 falchion (weapon)
Armour
 b - a +0 leather armour (worn)
Magical Staves
 d - an uncursed staff of air
Scrolls
 e - 2 scrolls of remove curse
 f - 2 scrolls of teleportation
Comestibles
 c - 2 bread rations


   Skills:
 + Level 3.6 Fighting
 * Level 2.5 Long Blades
 + Level 2.1 Armour
 + Level 1.8 Dodging
 + Level 0.4 Stealth
 * Level 2.8 Invocations


You had 3 spell levels left.
You didn't know any spells.

Dungeon Overview and Level Annotations

Branches:
Dungeon (2/15)

Altars:

Annotations:
D:2 Sigmund


Innate Abilities, Weirdness & Mutations

Your flesh is heat resistant.


Message History

You miss something.
You hear some strange, mumbled words.
A puff of flame appears from out of thin air!
The puff of flame hits you! You resist.
You hit something. Something hits you.
Your leather armour prevents you from hitting something.
Something hits you!
You slash something! Something hits you but does no damage.
You hit something. You closely miss something. Something hits you!
You miss something.
You hear some strange, mumbled words.
Something tries to affect you, but you resist.
You barely miss something.
You hear some strange, mumbled words.
You are confused.
You hit something. Something hits you!
* * * LOW HITPOINT WARNING * * *
You're too confused to move!
Something hits you!
You die...

##.###.####.#######
#.##.#.##.#......#
#.#.###..###.###.#
#..## ##(# ##....#
#.#.###(.###.###.#
##....#....#.## #.#
....##(##.#.## #.#
###.......#.#####.#
##..#.........@<#
#....(########{#
#.###.# #.# #.# #.#
#.# #.# #.# #.# #.#
#.# #.# #
#.###.########.# #
#..........)...# #
#........#####.#


There were no monsters in sight!

Vanquished Creatures
  3 adders (D:2)
  An ooze (D:2)
  8 bats
  2 giant cockroaches (D:1)
  10 goblins
  4 hobgoblins
  3 jackals (D:2)
  A giant newt (D:1)
  6 kobolds
  2 rats (D:1)
40 creatures vanquished.

Notes
Turn   | Place    | Note
--------------------------------------------------------------
     0 | Abyss:1  | DevlanMud the Demonspawn Abyssal Knight began the quest for the Orb.
     0 | Abyss:1  | Reached XP level 1. HP: 18/18 MP: 2/2
    48 | D:1      | Escaped the Abyss
   166 | D:1      | Reached skill level 1 in Dodging
   257 | D:1      | Gained mutation: Your flesh is heat resistant. [demonic ancestry]
   257 | D:1      | Reached XP level 2. HP: 24/24 MP: 3/3
   523 | D:1      | Reached ** piety under Lugonu
  1320 | D:2      | Reached XP level 3. HP: 25/29 MP: 4/4
  1894 | D:2      | Reached XP level 4. HP: 31/36 MP: 6/6
  2166 | D:2      | Noticed Sigmund
  2614 | D:2      | Slain by Sigmund

Skill      XL: |  1  2  3 |
---------------+----------+-----
Dodging        | 1 |  1.8
Long Blades    | 2 |  2.5
Armour         | 2 |  2.1
Fighting       | |  3.6
Stealth        | |  0.4
Invocations    | |  2.8

Action                   |  1- 3 |  4- 6 || total
-------------------------+-------+-------++-------
Melee: Falchion          |   121 |    34 ||   155
Invok: Bend Space        |       |     1 ||     1
  Use: Scroll            |     7 |       ||     7
       Potion            |     2 |       ||     2
 Stab: Sleeping          |     1 |     1 ||     2
       Distracted        |     1 |       ||     1
  Eat: Chunk             |     3 |     1 ||     4
       Meat ration       |       |     1 ||     1
Armor: Leather armour    |    33 |     4 ||    37
Dodge: Dodged            |    96 |    19 ||   115
